 Dungeon Crawl Stone Soup version 0.21-a0-401-g0b6bec4 (webtiles) character file.

36 Xenofane the Ogre Mage (level 3, 0/31 HPs)
             Began as an Ogre Wizard on Oct 22, 2017.
             Shot with an arrow by a centaur (16 damage)
             ... on level 2 of the Dungeon.
             The game lasted 00:05:45 (1756 turns).

Xenofane the Ogre Mage (Ogre Wizard)                Turns: 1756, Time: 00:05:46

Health: 0/31       AC:  3    Str: 11    XL:     3   Next: 37%
Magic:  8/8        EV: 10    Int: 20    God:
Gold:   103        SH:  0    Dex:  7    Spells: 5/10 levels left

rFire    . . .     SeeInvis .   l - +0 dagger
rCold    . . .     Gourm    .   (no shield)
rNeg     . . .     Faith    .   a - +0 robe
rPois    .         Spirit   .   b - +0 hat
rElec    .         Reflect  .   (no cloak)
rCorr    .         Harm     .   (gloves unavailable)
MR       .....                  (boots unavailable)
Stlth    +.........             (no amulet)
HPRegen  0.10/turn              (no ring)
MPRegen  0.11/turn              (no ring)

@: hasted, very quick
A: unfitting armour, tough skin 1
a: no special abilities


You were on level 2 of the Dungeon.
You were not hungry.

You visited 1 branch of the dungeon, and saw 2 of its levels.

You collected 103 gold pieces.

Inventory:

Hand Weapons
 g - a +0 club
 l - a +0 dagger (weapon)
Missiles
 d - a throwing net (quivered)
Armour
 a - a +0 robe (worn)
 b - a +0 hat (worn)
Scrolls
 e - a scroll of immolation {unknown}
 h - a scroll of random uselessness
 j - a scroll of teleportation {unknown}
 k - 2 scrolls of identify {unknown}
 m - a scroll of enchant weapon {unknown}
Potions
 f - a potion of haste
 i - a potion of brilliance {unknown}
 n - a potion of mutation {unknown}
Books
 c - a book of Minor Magic

   Spells                             Type                      Level
   a - Magic Dart                     Conjuration                  1
   b - Blink                          Translocation                2
   c - Call Imp                       Summoning                    2
   d - Slow                           Hexes                        2
   e - Conjure Flame                  Conjuration/Fire             3
   f - Mephitic Cloud                 Conjuration/Poison/Air       3
Comestibles
 p - a bread ration


   Skills:
 - Level 2.0 Dodging
 - Level 1.4 Stealth
 - Level 4.4 Spellcasting
 + Level 1.7 Conjurations
 - Level 0.8 Summonings
 - Level 0.8 Translocations


You had 5 spell levels left.
You knew the following spells:

 Your Spells              Type           Power        Failure   Level  Hunger
a - Magic Dart            Conj           ##..         6%          1    None
b - Blink                 Tloc           N/A          13%         2    #......
c - Call Imp              Summ           #.......     13%         2    #......


Dungeon Overview and Level Annotations

Branches:
Dungeon (2/15)

Altars:


Innate Abilities, Weirdness & Mutations

You are too large for most types of armour.
You have tough skin. (AC +1)


Message History

Found an escape hatch in the ceiling.
Found a stone staircase leading up.
There is a stone staircase leading up here.
Found a dagger.
f - 2 sapphire potions (gained 1)
There are no items here.
You see here a dagger.
You now have 103 gold pieces (gained 9).
A centaur comes into view.
The centaur wields a shortbow.
The centaur shoots an arrow.
The arrow hits you.
You see here an arrow.
As you read the scroll labeled LECAZA UDENE, it crumbles to dust.
The dust glows shining yellow!
It was a scroll of random uselessness.
The centaur shoots an arrow.
The arrow hits you!
Okay, then.
It was a potion of haste.
You feel yourself speed up.
The centaur shoots an arrow.
The arrow hits you.
The centaur shoots an arrow.
The arrow hits you!
Ouch! That really hurt!
You die...

#.#.# .#
#.###.#
#.#.# #c#
.##..#
#.#.# #.#
#.## #.#..
... #.#
#.### #.#
#.# #.# #.#
#.###
#########.#
##.## #...#
..........#
#...# ###.#
#########.#
#.@.# #.#
..# #.#
#...# #.#
#.# #.#
##.## #.#
#.# #.# #.#
#.#
#.#######.#
#.# #.#
#.#.......#
#.# #.#
#.#.#####.#
#.# #.#
....# #.#
#.# #.#
###.#####.#
#.# #.#


You could see a centaur.

Vanquished Creatures
  A gnoll (D:1)
  3 leopard geckos
  5 bats
  2 goblins
  4 hobgoblins
  4 jackals (D:2)
  A frilled lizard (D:2)
  2 kobolds (D:1)
  2 rats
24 creatures vanquished.

Vanquished Creatures (collateral kills)
  A giant cockroach (D:1)
1 creature vanquished.

Grand Total: 25 creatures vanquished

Notes
Turn   | Place    | Note
-------+----------+-------------------------------------------
     0 | D:1      | Xenofane the Ogre Wizard began the quest for the Orb.
     0 | D:1      | Reached XP level 1. HP: 16/16 MP: 5/5
    78 | D:1      | Reached skill level 1 in Conjurations
   238 | D:1      | Reached XP level 2. HP: 13/24 MP: 2/6
   372 | D:1      | Learned a level 2 spell: Blink
   375 | D:1      | Learned a level 2 spell: Call Imp
   400 | D:1      | Reached skill level 4 in Spellcasting
   723 | D:2      | Reached XP level 3. HP: 29/31 MP: 8/8
  1754 | D:2      | Noticed a centaur
  1756 | D:2      | Shot with an arrow by a centaur

Vault maps used:
D:1:      lightli_arrival_chessboard
D:2:      first_bread

Skill      XL: |  1  2 |
---------------+-------+-----
Dodging        | 2 |  2.0
Conjurations   | 1 |  1.7
Spellcasting   | 4 |  4.4
Stealth        | |  1.4
Summonings     | |  0.8
Translocations | |  0.8

Action                   || total
-------------------------++-------
Melee: Club              ||    24
       Unarmed           ||     5
       Dagger            ||    79
 Cast: Magic Dart        ||    28
       Call Imp          ||     2
  Use: Scroll            ||     1
       Potion            ||     1
  Eat: Bread ration      ||     1
Armor: Robe              ||    54
Dodge: Dodged            ||   100

Table legend:
 A = Spawn XP
 B = Non-spawn XP
 C = Spawn XP percentage of total XP
 D = Spawn monster count
 E = Non-spawn monster count
 F = Spawn count percentage of total count
 G = Total turns spent on level
                    A         B        C        D         E        F      G
               +---------+---------+-------+---------+---------+-------+---------
         Total |       0 |      52 |   0.0 |       0 |      25 |   0.0 |  1756
               +---------+---------+-------+---------+---------+-------+---------
           D:1 |       0 |      32 |   0.0 |       0 |      13 |   0.0 |   691
           D:2 |       0 |      20 |   0.0 |       0 |      12 |   0.0 |  1065
               +---------+---------+-------+---------+---------+-------+---------
